 Dungeon Crawl Stone Soup version 0.32-a0-290-g598725c5f2 (webtiles) character file.

Game seed: 575795925695346552

5475 wildpjah the Spear-Bearer (level 10, -2/77 (79) HPs)
             Began as a Merfolk Gladiator on Feb 13, 2024.
             Was a Priest of Okawaru.
             Slain by a yak (12 damage)
             ... on level 8 of the Dungeon.
             The game lasted 00:19:14 (7547 turns).

wildpjah the Spear-Bearer (Merfolk Gladiator)       Turns: 7547, Time: 00:19:15

HP:   -2/77 (79)    AC:  9    Str: 19    XL:     10   Next: 69%
MP:   0/10          EV: 16    Int:  8    God:    Okawaru [***...]
Gold: 934           SH:  0    Dex: 21    Spells: 9/9 levels left

rFire   . . .        d - +3 scythe (flame)
rCold   . . .        (shield currently unavailable)
rNeg    . . .        y - +0 ring mail
rPois   .            c - +1 helmet
rElec   .            (no cloak)
rCorr   .            (no gloves)
SInv    .            A - +0 pair of boots
Will    +....        w - amulet of guardian spirit
Stlth   ++           l - +6 ring of dexterity
HPRegen 0.32/turn    q - ring of willpower
MPRegen 0.12/turn

%: guardian spirit
@: lightly drained
A: (nimble swimmer 2), mertail
a: Renounce Religion, Heroism


You were on level 8 of the Dungeon.
You worshipped Okawaru.
Okawaru was most pleased with you.
You visited 2 branches of the dungeon, and saw 10 of its levels.
You also visited: Bailey.

You collected 934 gold pieces.

Inventory:

Hand Weapons
 a - a +0 trident of flaming
 d - a +3 scythe of flaming (weapon)
 i - a +0 trident
 M - a +0 bardiche
 O - a +0 glaive
Missiles
 e - a javelin
 o - 4 boomerangs (quivered)
 u - 5 poisoned darts
 C - 6 throwing nets
Armour
 b - a +0 leather armour
 c - a +1 helmet (worn)
 y - a +0 ring mail (worn)
 A - a +0 pair of boots (worn)
Magical Staves
 s - a staff of fire
Jewellery
 l - a +6 ring of dexterity (left hand)
 q - a ring of willpower (right hand)
 w - an amulet of guardian spirit (around neck)
 B - a ring of fire
 D - a ring of positive energy
 E - a ring of willpower
 L - a ring of flight
Wands
 v - a wand of polymorph (15)
 F - a wand of paralysis (22)
 G - a wand of quicksilver (7)
 H - a wand of roots (6)
 J - a wand of flame (43)
Scrolls
 f - a scroll of fear
 j - 2 scrolls of immolation
 k - 3 scrolls of teleportation
 n - 3 scrolls of poison
 z - a scroll of enchant weapon
 K - a scroll of vulnerability
Potions
 g - a potion of degeneration
 h - 3 potions of resistance
 m - 2 potions of lignification
 p - 2 potions of curing
 r - 3 potions of attraction
 t - 5 potions of brilliance
 x - a potion of magic
 I - a potion of berserk rage
 N - a potion of enlightenment {unknown}


   Skills:
 + Level 7.0 Fighting
 + Level 14.2 Polearms
 + Level 4.2 Throwing
 + Level 4.7 Armour
 + Level 7.3 Dodging
 + Level 4.2 Stealth
 + Level 0.4 Evocations


You had 9 spell levels left.
You didn't know any spells.
Your spell library contained the following spells:

 Spells                   Type           Power      Damage    Failure   Level
 Volatile Blastmotes      Fire/Tloc      0%         2d10      91%         3
 Fulminant Prism          Conj/Alch      0%         3d5       100%        4
 Iskenderun's Mystic Bla  Conj/Tloc      0%         2d3       100%        4


Dungeon Overview and Level Annotations

Branches:
Dungeon (9/15)             Temple (1/1) D:6          Bailey (visited)
   Lair: D:8-11         Orc: D:9-12

Altars:
Ashenzari
Cheibriados
Dithmenos
Fedhas
Gozag
Kikubaaqudgha
Makhleb
Nemelex Xobeh
Okawaru
Qazlal
Sif Muna
Trog
Uskayaw
Vehumet
Wu Jian
The Shining One

Annotations:
D:9 Amaemon


Innate Abilities, Weirdness & Mutations

((You are very nimble when in or above water. (Stealth+, EV+, Speed+++)))
Your lower body shifts to a powerful aquatic tail in water.


Message History

You hit the yak. You burn the yak.
The yak is heavily wounded.
The wight hits you from afar with a +3 halberd.
You feel drained. The yak completely misses you.
You barely miss the yak.
The yak is heavily wounded.
The wight hits you from afar with a +3 halberd!
The yak gores you!
You puncture the yak! You burn the yak.
The yak is severely wounded.
The wight closely misses you. The yak closely misses you.
You barely miss the yak.
The yak is severely wounded.
The wight hits you from afar with a +3 halberd!
* * * LOW HITPOINT WARNING * * *
You feel drained.
* * * LOW HITPOINT WARNING * * *
The yak gores you.
* * * LOW HITPOINT WARNING * * *
You hit the yak. You burn the yak.
The yak is almost dead.
You puncture the yak! You burn the yak.
You kill the yak!
Okawaru accepts your kill.
Your Fighting skill increases to level 7!
You don't have enough magic at the moment.
The wight attacks as it pursues you! The wight barely misses you.
The wight attacks as it pursues you! The wight hits you with a +0 scimitar.
* * * LOW HITPOINT WARNING * * *
There is a stone staircase leading down here.
The wight hits you but does no damage.
You climb downwards.
Amaemon shouts!
Found a twisted jade ring.
There is a stone staircase leading up here.
Unknown command.
The wight completely misses you.
Amaemon mumbles some strange words.
You climb upwards.
The yak gores you!
You die...

# # #. #. #..#.## ##
..... .# ...#Y# #).z#
#Y######## #.##.@z..#
#### ####.##.Y...##
#... #.....Y.........
.... #.##.#......####
#... # #.#......#
.#.#. ###
..#.#########.._.. #
####.##.. ....#.##
#.####.##.# #.......
#......##.####....##.#


You could see 2 yaks and a wight.

Vanquished Creatures
  Pikel (D:6)
  Prince Ribbit (D:5)
  Sigmund (D:3)
  9 yaks
  Eustachio (D:4)
  A steam dragon (D:7)
  A water moccasin (D:7)
  An ice beast (D:5)
  10 wolves (Bailey)
  2 lemures (D:6)
  A bullfrog (D:6)
  3 scorpions (D:5)
  7 gnoll sergeants (Bailey)
  3 wights (D:8)
  4 bombardier beetles
  A jelly (D:7)
  9 gnoll boudas
  3 hounds
  2 sleepcaps (D:6)
  Natasha (twice) (D:2)
  3 iguanas
  Ijyb (D:4)
  3 orc wizards
  19 gnolls
  5 adders
  A shadow imp (D:5)
  2 white imps
  A ribbon worm (D:3)
  3 dart slugs
  14 orcs
  7 ball pythons
  4 endoplasms
  4 giant cockroaches
  8 goblins
  3 hobgoblins
  10 jackals
  2 quokkas
  2 bats (D:3)
  A frilled lizard (D:2)
  3 kobolds
  6 rats
165 creatures vanquished.

Notes
Turn   | Place    | Note
-------+----------+-------------------------------------------
     0 | D:1      | wildpjah the Merfolk Gladiator began the quest for the Orb.
     0 | D:1      | Reached XP level 1. HP: 16/16 MP: 1/1
   229 | D:1      | Reached XP level 2. HP: 22/23 MP: 2/2
   695 | D:2      | Reached XP level 3. HP: 20/28 MP: 3/3
  1068 | D:2      | Noticed Natasha
  1074 | D:2      | Killed Natasha
  1075 | D:2      | Reached skill level 5 in Polearms
  1075 | D:2      | Reached XP level 4. HP: 34/34 MP: 4/4
  1276 | D:2      | Noticed Natasha
  1283 | D:2      | Killed Natasha
  1284 | D:2      | Reached skill level 5 in Dodging
  1590 | D:3      | Reached XP level 5. HP: 28/40 MP: 5/5
  2006 | D:3      | Noticed Sigmund
  2068 | D:3      | Reached skill level 6 in Polearms
  2120 | D:4      | Reached skill level 1 in Armour
  2120 | D:4      | Reached skill level 1 in Stealth
  2381 | D:4      | Noticed Eustachio
  2414 | D:4      | Killed Eustachio
  2415 | D:4      | Reached XP level 6. HP: 24/47 MP: 3/6
  2509 | D:4      | Noticed Ijyb
  2563 | D:3      | Reached skill level 7 in Polearms
  2704 | D:3      | Killed Sigmund
  2705 | D:3      | Reached XP level 7. HP: 45/52 MP: 7/7
  2997 | D:4      | Found a stormy altar of Qazlal.
  3231 | D:4      | Reached skill level 8 in Polearms
  3459 | D:4      | Killed Ijyb
  3777 | D:5      | Entered Level 5 of the Dungeon
  3802 | D:5      | Found a broken altar of Ashenzari.
  3899 | D:5      | Found a sparkling altar of Nemelex Xobeh.
  3900 | D:5      | Found an opulent altar of Gozag.
  4042 | D:5      | Reached XP level 8. HP: 60/60 MP: 8/8
  4103 | D:5      | Reached skill level 9 in Polearms
  4179 | D:5      | Noticed Prince Ribbit
  4213 | D:5      | Killed Prince Ribbit
  4214 | D:5      | Reached skill level 10 in Polearms
  4731 | D:6      | Noticed Pikel
  4746 | D:6      | Killed Pikel
  4747 | D:6      | Reached skill level 11 in Polearms
  4747 | D:6      | Reached XP level 9. HP: 59/66 MP: 7/9
  4823 | D:6      | Found a staircase to the Ecumenical Temple.
  4839 | Temple   | Entered the Ecumenical Temple
  5006 | Temple   | Became a worshipper of Warmaster Okawaru
  5550 | D:6      | Found a snail-covered altar of Cheibriados.
  5572 | D:6      | Found a burning altar of Makhleb.
  5794 | D:7      | Reached skill level 5 in Fighting
  5804 | D:7      | Found a flagged portal.
  5818 | Bailey   | Entered a bailey
  5883 | Bailey   | Reached skill level 12 in Polearms
  5978 | Bailey   | Reached * piety under Okawaru
  6313 | Bailey   | Reached skill level 13 in Polearms
  6542 | Bailey   | Reached XP level 10. HP: 42/74 MP: 6/10
  6553 | Bailey   | Reached ** piety under Okawaru
  7456 | D:8      | Found a shimmering blue altar of Sif Muna.
  7524 | D:8      | Reached *** piety under Okawaru
  7525 | D:8      | Reached skill level 14 in Polearms
  7545 | D:9      | Noticed Amaemon
  7545 | D:9      | Noticed an orange demon
  7547 | D:8      | Slain by a yak

Illustrated notes

Levels and vault maps discovered:
D:1:      roadster_arrival_rocket_small, layout_loops_cross
D:2:      layout_basic, nicolae_figureground_pulse, uniq_natasha
D:3:      layout_rooms, minmay_starry_boxes, uniq_sigmund
D:4:      layout_layer_cave, mainiacjoe_overflow_alcove_1, uniq_ijyb,
          uniq_eustachio
D:5:      layout_loops_ring, grunt_temple_overflow_opulence,
          amcnicky_altar_gilded, nicolae_underground_beach, uniq_prince_ribbit1
D:6:      layout_loops_ring, mainiacjoe_overflow_swirl,
          minmay_temple_entry_stoned_glass, uniq_pikel
D:7:      layout_cave_pools, enter_bailey_3
D:8:      layout_loops_cross, lemuel_crystal_altar, kennysheep_generic_room_8
D:9:      layout_basic, mainiacjoe_overflow_two_lobes, uniq_amaemon, uniq_psyche
Temple:   nicolae_temple_bog_church

Skill      XL: |  1  2  3  4  5  6  7  8  9 10 |
---------------+-------------------------------+-----
Polearms       | 5 6 7 8 11 13 14 | 14.2
Dodging        | 5 6 7 |  7.3
Fighting       | 3 4 5 7 |  7.0
Armour         | 1 2 3 4 |  4.7
Stealth        | 1 2 3 4 |  4.2
Throwing       | 4 |  4.2
Evocations     | |  0.4

Action                     |  1- 3 |  4- 6 |  7- 9 | 10-12 || total
---------------------------+-------+-------+-------+-------++-------
  Melee: Trident           |    46 |   115 |       |       ||   161
         Halberd           |       |       |   295 |   110 ||   405
         Tailslap          |       |       |     8 |     5 ||    13
  Throw: Throwing net      |       |     3 |     1 |       ||     4
         Javelin           |       |       |     1 |       ||     1
         Boomerang         |       |       |    12 |    14 ||    26
  Evoke: Wand              |       |       |     2 |       ||     2
    Use: Scroll            |       |       |    16 |     1 ||    17
   Stab: Sleeping          |     1 |     4 |     1 |       ||     6
         Distracted        |       |     1 |       |       ||     1
         Held in net/web   |       |     1 |       |       ||     1
 Armour: Leather armour    |    14 |    27 |       |       ||    41
         Ring mail         |       |    53 |   103 |    37 ||   193
  Dodge: Dodged            |    11 |    97 |   193 |    53 ||   354

Table legend: (Time is in decaauts)
 A = Elapsed time spent in this place.
 B = Non-inter-level travel time spent in this place.
 C = Inter-level travel time spent in this place.
 D = Time resting spent in this place.
 E = Time spent auto-exploring this place.
 F = Levels seen in this place.
 G = Mean time per level.
                   A        B        C        D        E       F      G
               +--------+--------+--------+--------+--------+-----+--------+
         Total |   7465 |   7203 |    262 |    731 |   5050 |  11 |  678.6 |
       Dungeon |   6250 |   6023 |    227 |    222 |   4721 |   9 |  694.4 |
        Temple |    184 |    149 |     35 |    147 |      0 |   1 |  184.0 |
        Bailey |   1030 |   1030 |      0 |    361 |    329 |   1 | 1030.0 |
               +--------+--------+--------+--------+--------+-----+--------+

Top non-repeatable levels by time:
     D:4: 1476 daAuts
  Bailey: 1030 daAuts
     D:5: 948 daAuts
     D:3: 914 daAuts
     D:2: 734 daAuts
     D:7: 733 daAuts
     D:6: 681 daAuts
     D:1: 657 daAuts
  Temple: 184 daAuts
     D:8: 102 daAuts
     D:9: 1 daAuts
